 Dungeon Crawl Stone Soup version 0.32-a0-909-gc671339a80 (webtiles) character file.

Game seed: 10819401296193644701

3314 senseless the Fighter (level 10, -11/74 HPs)
             Began as a Coglin Hunter on Apr 6, 2024.
             Was a Follower of Hepliaklqana.
             Mangled by a komodo dragon (14 damage)
             ... on level 7 of the Dungeon.
             The game lasted 00:18:29 (5872 turns).

senseless the Fighter (Coglin Hunter)               Turns: 5872, Time: 00:18:59

Health: -11/74     AC:  7    Str: 13    XL:     10   Next: 1%
Magic:  10/10      EV: 16    Int:  8    God:    Hepliaklqana [*.....]
Gold:   451        SH:  0    Dex: 21    Spells: 9/9 levels left

rFire   + . .        a - +3 sling {Esteban}
rCold   + . .        d - +0 sling {Prani}
rNeg    . . .        c - +1 leather armour
rPois   +            i - +2 helmet
rElec   +            (no cloak)
rCorr   +            (no gloves)
SInv    .            (no boots)
Will    .....        (amulet unavailable)
Stlth   +++          (ring unavailable)
HPRegen 0.32/turn    (ring unavailable)
MPRegen 0.12/turn    (no gizmo)

%: no passive effects
@: resistant, revved
A: reduced essence, off-hand wielding, slow wielding, warmup strikes, no
jewellery
a: Invent Gizmo, Renounce Religion, Recall Ancestor, Ancestor Identity


You were on level 7 of the Dungeon.
You worshipped Hepliaklqana.
Hepliaklqana was aware of your devotion.
You visited 2 branches of the dungeon, and saw 8 of its levels.

You collected 451 gold pieces.

Inventory:

Hand Weapons
 a - a +3 sling (weapon) {Esteban}
 d - a +0 sling (offhand) {Prani}
Missiles
 j - a throwing net
Armour
 c - a +1 leather armour (worn)
 i - a +2 helmet (worn)
Wands
 m - a wand of charming (4)
 o - a wand of warping (4)
 q - a wand of quicksilver (6)
Scrolls
 h - a scroll of vulnerability
 k - a scroll of amnesia
 l - a scroll of blinking
 n - a scroll of fog
 t - 3 scrolls of identify
Potions
 e - 2 potions of brilliance
 f - a potion of cancellation
 g - 2 potions of invisibility
 p - a potion of curing


   Skills:
 + Level 9.3 Fighting
 + Level 9.0 Ranged Weapons
 + Level 8.4 Dodging
 + Level 4.7 Stealth


You had 9 spell levels left.
You didn't know any spells.
Your spell library contained the following spells:

 Spells                   Type           Power      Damage    Failure   Level
 Magic Dart               Conj           0%         1d3       50%         1
 Blink                    Tloc           0%         N/A       63%         2
 Call Imp                 Summ           0%         N/A       63%         2
 Volatile Blastmotes      Fire/Tloc      0%         2d10      86%         3
 Fulminant Prism          Conj/Alch      0%         3d5       99%         4
 Iskenderun's Mystic Bla Conj/Tloc 0%             2d3        (+2d1     99%         4


Dungeon Overview and Level Annotations

Branches:
Dungeon (7/15)             Temple (1/1) D:4

Altars:
Ashenzari
Cheibriados
Elyvilon
Fedhas
Gozag
Hepliaklqana
Kikubaaqudgha
Makhleb
Nemelex Xobeh
Okawaru
Ru
Sif Muna
Uskayaw
Vehumet
Wu Jian
Xom
Yredelemnul
Zin
The Shining One


Innate Abilities, Weirdness & Mutations

Your life essence is reduced to manifest your ancestor. (-10% HP)
You can wield a second weapon in your off-hand.
It takes a long time for you to wield or remove held weapons.
Your first few attacks do less damage.
You cannot equip rings or amulets.


Message History

You shoot a sling bullet.
The sling bullet hits the komodo dragon!
The komodo dragon is moderately wounded.
You shoot a sling bullet.
The sling bullet hits the komodo dragon but does no damage.
The komodo dragon is moderately wounded.
The komodo dragon misses you.
You shoot a sling bullet.
The sling bullet hits the komodo dragon.
The komodo dragon is heavily wounded.
You shoot a sling bullet.
The sling bullet hits the komodo dragon.
The komodo dragon is heavily wounded.
The komodo dragon bites you!
* * * LOW HITPOINT WARNING * * *
You feel much better. The komodo dragon bites you!!
* * * LOW HITPOINT WARNING * * *
You feel better. The komodo dragon closely misses you.
You shoot a sling bullet.
The sling bullet hits the komodo dragon!
The komodo dragon is severely wounded.
You shoot a sling bullet.
The sling bullet hits the komodo dragon.
The komodo dragon is almost dead.
The komodo dragon bites you!
* * * LOW HITPOINT WARNING * * *
You shoot a sling bullet.
The sling bullet hits the komodo dragon but does no damage.
The komodo dragon is severely wounded.
You shoot a sling bullet.
The sling bullet hits the komodo dragon but does no damage.
The komodo dragon is severely wounded.
The komodo dragon misses you.
As you read the scroll of butterflies, it crumbles to dust.
You hear the flapping of tiny wings.
The iguana is knocked back by the sudden gust.
The komodo dragon is knocked back by the sudden gust.
The komodo dragon bites you!
You die...
Hepliaklqana delivers you to your ancestors.

#..##.......#.###...
#.#####.......# #.##
#.# ######### #.#
#†############# #.#
#.#bb.bbb##...###.#
#b#b#bb.§..§#..##.#
#b#b#b##..#..§.##.#
#bbbbb##..##.#l##.##
###@####..##.l..ll.#
#l####..####.###.#
#lb.....######
#######....# #
###### # # # ## ##.


You could see a komodo dragon (ally target) and an iguana (ally target).

Vanquished Creatures
  An orc warrior (D:5)
  A centaur (D:5)
  3 ogres
  2 phantoms (D:5)
  A gnoll sergeant (D:5)
  3 scorpions
  4 wights (D:7)
  14 killer bees
  6 hounds
  2 jellies
  A bombardier beetle (D:5)
  2 gnoll boudas (D:4)
  3 iguanas
  2 orc priests
  Terence (D:3)
  Ijyb (D:5)
  An orc wizard (D:6)
  Robin (D:3)
  17 gnolls
  2 adders
  A shadow imp (D:6)
  2 white imps
  4 ufetubi
  A dart slug (D:4)
  3 ribbon worms
  22 orcs
  12 ball pythons
  6 endoplasms
  A giant cockroach (D:1)
  4 hobgoblins
  6 jackals
  5 quokkas
  7 bats
  9 frilled lizards
  16 goblins
  10 kobolds
  5 rats
182 creatures vanquished.

Vanquished Creatures (collateral kills)
  4 killer bees (D:7)
  An iguana (D:7)
  A gnoll (D:6)
  An adder (D:6)
  An orc (D:6)
8 creatures vanquished.

Vanquished Creatures (others)
  3 ancestors
3 creatures vanquished.

Grand Total: 193 creatures vanquished

Notes
Turn   | Place    | Note
-------+----------+-------------------------------------------
     0 | D:1      | senseless the Coglin Hunter began the quest for the Orb.
     0 | D:1      | Reached XP level 1. HP: 16/16 MP: 1/1
   145 | D:1      | Reached skill level 1 in Stealth
   160 | D:1      | Reached XP level 2. HP: 22/22 MP: 2/2
   408 | D:1      | Reached XP level 3. HP: 24/28 MP: 3/3
   682 | D:2      | Found a hide-covered altar of Uskayaw.
   980 | D:2      | Reached XP level 4. HP: 34/34 MP: 4/4
  1570 | D:3      | Noticed Terence
  1579 | D:3      | Killed Terence
  1608 | D:3      | Noticed Robin
  1625 | D:3      | Reached XP level 5. HP: 17/40 MP: 5/5
  1629 | D:3      | Killed Robin
  1960 | D:4      | Found a sacrificial altar of Ru.
  1984 | D:4      | Found a white marble altar of Elyvilon.
  2213 | D:4      | Reached XP level 6. HP: 47/47 MP: 6/6
  2506 | D:4      | Found a staircase to the Ecumenical Temple.
  2563 | D:4      | You fall into a shaft and drop 1 floor!
  2563 | D:5      | Entered Level 5 of the Dungeon
  2572 | D:5      | Noticed Ijyb
  2585 | D:5      | Killed Ijyb
  2781 | D:4      | Reached XP level 7. HP: 36/54 MP: 7/7
  3029 | D:4      | Found a glowing silver altar of Zin.
  3042 | D:4      | Found a snail-covered altar of Cheibriados.
  3222 | Temple   | Entered the Ecumenical Temple
  3231 | Temple   | Became a worshipper of Hepliaklqana the Forgotten
  3583 | D:5      | Reached XP level 8. HP: 69/69 MP: 8/8
  3587 | D:5      | Found an opulent altar of Gozag.
  4399 | D:6      | Reached XP level 9. HP: 75/75 MP: 9/9
  4549 | D:6      | Reached * piety under Hepliaklqana
  4643 | D:6      | Noticed a rust devil
  4656 | D:6      | Noticed a rust devil
  4847 | D:6      | Found a shimmering altar of Xom.
  5839 | D:7      | Noticed a komodo dragon
  5861 | D:7      | Reached XP level 10. HP: 56/74 MP: 10/10
  5870 | D:7      | HP: 3/74 [komodo dragon (17)]
  5872 | D:7      | Mangled by a komodo dragon

Illustrated notes

Levels and vault maps discovered:
D:1:      dpeg_arrival_round_a, layout_basic
D:2:      layout_loops_cross, basic_altar, minmay_misc_feat_chi,
          grunt_decor_fettered
D:3:      kennysheep_big_flooded_room, layout_loops_ring, uniq_terence,
          uniq_robin
D:4:      layout_cave_pods, elyvilon_altar_1,
          mainiacjoe_overflow_catwalk_spiral, mainiacjoe_overflow_brackets,
          minmay_temple_entry_nine_rooms, wad_orctagon
D:5:      layout_gridville, grunt_gozag_statues, lightli_minifort, uniq_ijyb
D:6:      cheibrodos_iron_armory, layout_basic, marbit_many_paths
D:7:      layout_loops_cross, nicolae_qazlal_eye_of_the_storm,
          minmay_lizard_king
Temple:   dshaligram_water_room_temple

Skill      XL: |  1  2  3  4  5  6  7  8  9 |
---------------+----------------------------+-----
Stealth        | 1 2 3 4 |  4.7
Dodging        | 2 3 7 8 |  8.4
Ranged Weapons | 4 8 9 |  9.0
Fighting       | 3 4 8 9 |  9.3

Action                     |  1- 3 |  4- 6 |  7- 9 | 10-12 || total
---------------------------+-------+-------+-------+-------++-------
   Fire: Sling             |   164 |   288 |   618 |    12 ||  1082
    Use: Scroll            |     7 |     6 |     4 |     1 ||    18
         Potion            |       |     2 |     1 |     3 ||     6
 Armour: Leather armour    |    21 |    53 |    71 |     6 ||   151
  Dodge: Dodged            |    29 |    56 |   155 |     4 ||   244

Table legend: (Time is in decaauts)
 A = Elapsed time spent in this place.
 B = Non-inter-level travel time spent in this place.
 C = Inter-level travel time spent in this place.
 D = Time resting spent in this place.
 E = Time spent auto-exploring this place.
 F = Levels seen in this place.
 G = Mean time per level.
                   A        B        C        D        E       F      G
               +--------+--------+--------+--------+--------+-----+--------+
         Total |   5938 |   5731 |    207 |    679 |   3942 |   8 |  742.2 |
       Dungeon |   5920 |   5729 |    191 |    679 |   3942 |   7 |  845.7 |
        Temple |     18 |      2 |     16 |      0 |      0 |   1 |   18.0 |
               +--------+--------+--------+--------+--------+-----+--------+

Top non-repeatable levels by time:
     D:4: 1386 daAuts
     D:5: 1174 daAuts
     D:6: 878 daAuts
     D:3: 711 daAuts
     D:2: 650 daAuts
     D:1: 625 daAuts
     D:7: 493 daAuts
  Temple: 18 daAuts
